Map: World of Sleepers LE

Players

SortOf - Winner!

  • Race: Zerg Zerg
  • Spawn Location: 7:00

SKillous

  • Race: Protoss Protoss
  • Spawn Location: 1:00

VOD

Have the link to the VOD?

Description

Time

  • Played on: Sept. 7, 2019, 12:30 a.m.
  • Length: 11:56
Show
View Real Time Build Order
Export as new Build Order

SortOf Zerg - Winner!

Build Orders: Hatch First, Swarm Host 

Get SALT Encoding   

  12  0:00  Drone  
  13  0:12  Overlord  
  13  0:16  Drone  
  14  0:30  Drone x2  
  16  0:47  Drone x2  
  18  0:56  Hatchery  
  17  0:57  Drone  
  17  1:02  Extractor  
  17  1:06  Drone  
  18  1:19  Spawning Pool  
  18  1:20  Drone  
  18  1:28  Drone  
  19  1:39  Overlord  
  19  1:50  Drone  
  20  2:00  Drone  
  21  2:06  Metabolic Boost, Queen  
  21  2:08  Queen  
  25  2:09  Zergling x2  
  25  2:13  Zergling x2  
  27  2:22  Drone  
  28  2:24  Drone  
  29  2:30  Zergling x2  
  29  2:33  Drone  
  31  2:43  Hatchery  
  30  2:46  Zergling x2  
  30  2:49  Queen  
  33  2:53  Overlord  
  33  2:55  Zergling x2  
  34  3:00  Drone  
  34  3:02  Drone  
  35  3:06  Drone  
  35  3:07  Spore Crawler  
  36  3:16  Overlord, Drone  
  37  3:28  Drone x2  
  37  3:30  Queen  
  37  3:33  Overlord  
  41  3:36  Drone  
  42  3:46  Drone  
  43  3:52  Drone x4  
  46  3:57  Drone  
  46  3:58  Drone x2  
  46  3:59  Extractor  
  46  4:01  Roach Warren, Drone x3  
  50  4:06  Drone  
  51  4:11  Drone  
  51  4:13  Queen  
  51  4:14  Overlord  
  53  4:20  Zergling x4  
  54  4:26  Zergling x2  
  55  4:31  Zergling x14  
  55  4:37  Overlord  
  62  4:39  Drone  
  62  4:40  Drone, Lair  
  62  4:41  Drone  
  67  4:45  Zergling x6  
  68  4:55  Drone x3  
  68  4:59  Drone  
  68  5:00  Drone x5  
  68  5:03  Drone x2  
  68  5:04  Drone  
  76  5:09  Drone x2  
  76  5:14  Overlord, Extractor  
  77  5:20  Overlord  
  77  5:26  Roach  
  77  5:27  Roach  
  79  5:32  Overlord x4, Extractor x2, Roach  
  79  5:33  Roach x3  
  85  5:39  Drone  
  85  5:41  Glial Reconstitution  
  86  5:43  Overlord, Overseer  
  86  5:51  Roach x2  
  86  5:55  Roach x2  
  94  6:01  Roach x4  
  94  6:02  Overseer  
  101  6:07  Drone x5  
  101  6:10  Drone x3  
  109  6:12  Drone  
  109  6:18  Overlord  
  110  6:21  Drone  
  110  6:24  Infestation Pit  
  110  6:25  Evolution Chamber  
  109  6:27  Drone x2  
  109  6:30  Extractor  
  110  6:35  Overseer  
  110  6:38  Overlord  
  110  6:39  Roach x8  
  126  6:44  Ravager  
  126  6:46  Ravager  
  128  6:49  Drone  
  128  6:52  Zerg Missile Weapons Level 1  
  129  6:59  Tunneling Claws  
  129  7:02  Swarm Host x2  
  129  7:04  Overlord x3  
  135  7:09  Overlord  
  135  7:10  Overlord x2  
  135  7:12  Overlord x2  
  134  7:23  Roach x8  
  148  7:31  Swarm Host x3  
  148  7:36  Hatchery  
  154  7:38  Swarm Host  
  157  7:44  Swarm Host  
  157  7:47  Swarm Host, Overlord  
  157  7:49  Overlord  
  163  7:53  Swarm Host  
  163  7:56  Roach x2  
  163  7:57  Roach x2  
  173  8:01  Roach x3  
  173  8:03  Overlord  
  177  8:06  Ravager  
  177  8:07  Unknown  
  177  8:08  Zergling x6  
  177  8:11  Zergling x4  
  182  8:13  Ravager  
  182  8:15  Roach  
  184  8:21  Roach x3  
  184  8:23  Burrow  
  180  8:32  Roach x6  
  180  8:33  Zergling x4  
  178  8:37  Roach  
  165  8:42  Roach  
  165  8:45  Roach x2  
  171  8:49  Roach  
  171  8:52  Ravager  
  171  8:54  Overseer, Roach x3  
  180  8:58  Swarm Host  
  183  9:08  Swarm Host x2  
  183  9:09  Swarm Host  
  192  9:12  Overlord  
  192  9:23  Swarm Host  
  192  9:24  Swarm Host  
  192  9:30  Overlord  
  198  9:40  Roach x8  
  197  9:49  Baneling Nest  
  196  9:56  Roach x8  
  196  9:57  Roach x5  
  196  10:02  Ravager x2  
  196  10:03  Ravager  
  198  10:11  Roach x6  
  198  10:13  Roach x4  
  199  10:16  Roach x4  
  199  10:26  Roach x5  
  199  10:40  Zergling x14  
  197  10:51  Roach x4  
  197  10:57  Roach x12  
  188  11:07  Roach  
  188  11:08  Roach x7  
  198  11:13  Baneling x14  
  198  11:18  Roach x2  
  190  11:29  Roach x4  
  196  11:36  Roach  
Show
View Real Time Build Order
Export as new Build Order

SKillous Protoss 

Build Orders: 1 Gate Expand, Archon Immortal 

Get SALT Encoding   

  12  0:00  Probe  
  13  0:12  Probe  
  14  0:20  Pylon  
  14  0:24  Probe  
  15  0:35  Probe  
  15  0:41  Gateway  
  16  0:43  Probe  
  17  0:52  Assimilator  
  17  0:53  Probe  
  18  1:05  Probe  
  19  1:17  Probe  
  20  1:26  Nexus  
  20  1:37  Cybernetics Core  
  21  1:40  Probe  
  21  1:48  Assimilator  
  21  1:52  Probe  
  22  1:55  Pylon  
  22  2:03  Adept  
  22  2:04  Probe  
  25  2:16  Probe  
  25  2:18  Robotics Facility  
  25  2:20  Warp Gate  
  26  2:24  Stalker  
  26  2:28  Probe  
  27  2:35  Probe  
  29  2:40  Probe  
  29  2:43  Probe  
  32  2:52  Probe  
  32  2:53  Probe  
  32  2:54  Sentry  
  36  2:58  Warp Prism  
  36  3:04  Probe  
  36  3:05  Probe  
  38  3:16  Probe  
  39  3:21  Gateway  
  39  3:22  Probe  
  39  3:26  Pylon  
  40  3:27  Immortal  
  40  3:28  Probe  
  41  3:39  Probe  
  46  3:44  Probe  
  46  3:48  Pylon  
  47  3:51  Probe  
  48  3:56  Probe  
  48  4:00  Assimilator  
  49  4:03  Observer, Probe, Assimilator  
  49  4:05  Pylon  
  49  4:08  Probe  
  52  4:11  Adept  
  52  4:15  Probe  
  52  4:16  Adept  
  52  4:17  Immortal  
  57  4:21  Pylon  
  57  4:28  Probe  
  62  4:36  Twilight Council  
  62  4:37  Forge  
  62  4:39  Zealot  
  62  4:42  Zealot  
  66  4:47  Immortal  
  66  4:49  Protoss Ground Weapons Level 1  
  64  5:04  Gateway  
  64  5:06  Gateway, Stalker  
  64  5:19  Immortal  
  64  5:26  Sentry  
  68  5:30  Stalker  
  68  5:33  Probe  
  68  5:35  Gateway  
  71  5:37  Gateway  
  71  5:39  Charge  
  71  5:41  Probe  
  72  5:46  Probe  
  73  5:54  Probe  
  74  5:58  Probe  
  74  6:03  Nexus  
  75  6:06  Probe  
  75  6:10  Templar Archives, Stalker  
  78  6:15  Pylon  
  78  6:18  Pylon  
  78  6:28  Pylon  
  78  6:30  Pylon  
  78  6:32  Protoss Ground Weapons Level 2  
  78  6:33  Zealot x2, Probe x2  
  84  6:43  Pylon  
  84  6:45  Probe  
  86  6:47  High Templar x2  
  86  6:48  High Templar x2  
  86  6:51  Archon  
  86  6:53  Archon  
  93  6:54  Zealot x2  
  101  7:06  Probe x2  
  103  7:16  High Templar x2  
  103  7:18  Probe  
  103  7:21  Shield Battery, Zealot x3  
  110  7:23  Probe  
  110  7:24  Archon  
  110  7:25  Probe  
  110  7:29  Zealot  
  112  7:30  Probe  
  112  7:36  Probe  
  114  7:37  Probe  
  114  7:42  Probe  
  115  7:44  Pylon  
  115  7:46  Gateway  
  115  7:47  Gateway, High Templar  
  115  7:48  Zealot, High Templar  
  115  7:50  Zealot x3  
  127  7:52  Pylon, Archon  
  125  8:04  Probe  
  125  8:05  Probe  
  123  8:10  Sentry x2  
  123  8:11  Sentry  
  123  8:12  Zealot  
  131  8:24  Zealot x2  
  111  8:34  Immortal  
  111  8:35  Zealot x4  
  111  8:41  Probe x3  
  102  8:43  Psionic Storm, Assimilator x2  
  102  8:47  Zealot x3  
  102  8:48  Zealot  
  112  8:53  Probe x2  
  114  8:56  Pylon  
  114  9:05  Immortal  
  114  9:13  Nexus  
  114  9:16  High Templar x2  
  122  9:19  Zealot x2  
  122  9:21  Probe  
  122  9:23  Probe  
  120  9:25  High Templar  
  122  9:37  Warp Prism, High Templar  
  116  9:45  Shield Battery  
  116  9:46  Shield Battery  
  116  9:48  Shield Battery  
  116  9:50  High Templar x2  
  120  9:52  Zealot  
  120  9:53  Pylon, Zealot x3  
  112  10:09  Observer  
  112  10:10  Zealot x2  
  115  10:14  Zealot x2  
  115  10:15  Zealot x2  
  115  10:20  Probe  
  120  10:22  Probe  
  120  10:23  Probe  
  113  10:28  Probe  
  113  10:33  Zealot x4  
  113  10:34  Probe  
  113  10:35  Probe  
  123  10:36  Probe  
  120  10:42  Archon  
  120  10:45  High Templar x4  
  120  10:46  Probe  
  120  10:47  Probe  
  120  10:48  Probe  
  125  10:51  Archon  
  113  10:59  Immortal, Probe x2  
  113  11:01  Probe  
  113  11:03  Zealot x4  
  120  11:09  High Templar  
  109  11:30  Zealot x2  
  109  11:31  Zealot x3  
  107  11:37  Zealot x2  
  107  11:41  Probe  
Tags
 
Add a new tag
Caveats
  • Supply blocks, unpowered buildings, or Contaminate may cause inaccurate times.
  • Supply counts are checked every 10 seconds.